 Dungeon Crawl Stone Soup version 0.21.1-1-g345015f (webtiles) character file.

144 Matador8 the Poker (level 5, 0/38 HPs)
             Began as a Merfolk Skald on Apr 17, 2018.
             Succumbed to a worker ant's poison
             ... on level 4 of the Dungeon.
             The game lasted 00:14:01 (2349 turns).

Matador8 the Poker (Merfolk Skald)                  Turns: 2349, Time: 00:14:01

Health: 0/38       AC:  3    Str: 11    XL:     5   Next: 26%
Magic:  6/8        EV: 18    Int: 19    God:
Gold:   113        SH:  0    Dex: 20    Spells: 2/8 levels left

rFire    . . .     SeeInvis .   a - +0 spear
rCold    . . .     Gourm    .   (no shield)
rNeg     . . .     Faith    .   b - +0 leather armour
rPois    .         Spirit   .   (no helmet)
rElec    .         Reflect  .   (no cloak)
rCorr    .         Harm     .   (no gloves)
MR       .....                  (no boots)
Stlth    ++++......             (no amulet)
HPRegen  0.12/turn              (no ring)
MPRegen  0.11/turn              (no ring)

@: brilliant, agile, lethally poisoned (0 -> -2)
A: change form in water, swift swim, stealthy swim, camouflage 1, agile 1, wild
magic 1
a: no special abilities


You were on level 4 of the Dungeon.
You were not hungry.

You visited 1 branch of the dungeon, and saw 4 of its levels.

You collected 113 gold pieces.

Inventory:

Hand Weapons
 a - a +0 spear (weapon)
Armour
 b - a +0 leather armour (worn)
 i - a +2 robe of cold resistance
 v - a +3 leather armour
Jewellery
 j - a cursed amulet of inaccuracy {unknown}
 l - an uncursed ring of protection from fire {unknown}
 n - an uncursed ring of protection from magic {unknown}
Scrolls
 g - 4 scrolls of teleportation {unknown}
 h - 2 scrolls of identify {unknown}
 k - 2 scrolls of fog {unknown}
 m - a scroll of magic mapping {unknown}
 o - a scroll of enchant armour {unknown}
 p - a scroll of remove curse {unknown}
 t - a scroll of amnesia {unknown}
Potions
 e - 2 potions of flight
 q - a potion of cancellation
 u - a potion of curing {unknown}
Books
 c - a book of Battle

   Spells                             Type                      Level
   a - Infusion                       Charms                       1
   b - Shroud of Golubria             Charms/Translocation         2
   c - Song of Slaying                Charms                       2
   d - Spectral Weapon                Hexes/Charms                 3
   e - Regeneration                   Charms/Necromancy            3
Comestibles
 d - 8 rations


   Skills:
 - Level 2.2 Fighting
 * Level 5.5 Polearms
 - Level 0.6 Armour
 - Level 2.7 Dodging
 - Level 2.1 Spellcasting
 + Level 0.5 Hexes
 - Level 5.0 Charms


You had 2 spell levels left.
You knew the following spells:

 Your Spells              Type           Power        Failure   Level  Hunger
a - Infusion              Chrm           ####         1%          1    #......
b - Shroud of Golubria    Chrm/Tloc      ####......   2%          2    ##.....
c - Spectral Weapon       Hex/Chrm       ####....     3%          3    ###....


Dungeon Overview and Level Annotations

Branches:
Dungeon (4/15)
 Temple: D:4-7

Altars:
Trog


Innate Abilities, Weirdness & Mutations

You revert to your normal form in water.
You are very nimble and swift while swimming.
You are very stealthy in the water. (Stealth+)
Your skin changes colour to match your surroundings (Stealth+).
You are agile. (Dex +2)
Your spells are a little harder to cast, but a little more powerful.


Message History

You are no longer magically infusing your attacks.
The worker ant barely misses you.
* * * LOW HITPOINT WARNING * * *
You feel sick.
You hit the worker ant but do no damage.
The worker ant is almost dead.
The worker ant barely misses you.
You hit the worker ant.
You kill the worker ant!
* * * LOW HITPOINT WARNING * * *
You feel sick.
You see here a worker ant corpse.
It was a potion of brilliance.
You feel clever all of a sudden.
It was a potion of agility.
You feel agile all of a sudden.
It was a potion of mutation.
You feel extremely strange.
You feel agile.
You feel less in control of your magic.
Your skin functions as natural camouflage.
You die...

#
########.#
#.
##.......#
#..
##.<####..#
#.. ##..##
#..####..##
#.....@..#
#..#######
#. #


There were no monsters in sight!

Vanquished Creatures
  A worker ant (D:4)
  3 adders
  3 oozes
  A worm (D:2)
  4 dart slugs
  5 leopard geckos
  An orc (D:3)
  4 giant cockroaches
  11 goblins
  7 hobgoblins
  2 kobolds
  A quokka (D:3)
  10 bats
  A frilled lizard (D:1)
  8 rats
62 creatures vanquished.

Notes
Turn   | Place    | Note
-------+----------+-------------------------------------------
     0 | D:1      | Matador8 the Merfolk Skald began the quest for the Orb.
     0 | D:1      | Reached XP level 1. HP: 16/16 MP: 3/3
   143 | D:1      | Reached XP level 2. HP: 20/22 MP: 5/5
   268 | D:1      | Learned a level 2 spell: Shroud of Golubria
   428 | D:1      | Reached XP level 3. HP: 26/27 MP: 6/6
  1105 | D:2      | Learned a level 3 spell: Spectral Weapon
  1254 | D:2      | Reached XP level 4. HP: 10/33 MP: 1/7
  1405 | D:2      | Found a faded altar of an unknown god.
  1665 | D:2      | Found a bloodstained altar of Trog.
  1920 | D:3      | Reached skill level 5 in Polearms
  1981 | D:3      | Reached XP level 5. HP: 36/38 MP: 6/8
  2081 | D:3      | Reached skill level 5 in Charms
  2346 | D:4      | HP: 1/38 [poisoned by a worker ant]
  2349 | D:4      | Gained mutation: You are agile. (Dex +2) [potion of mutation]
  2349 | D:4      | Gained mutation: Your spells are a little harder to cast, but a little more powerful. [potion of mutation]
  2349 | D:4      | Gained mutation: Your skin changes colour to match your surroundings (Stealth+). [potion of mutation]
  2349 | D:4      | Succumbed to a worker ant's poison

Skill      XL: |  1  2  3  4  5 |
---------------+----------------+-----
Charms         | 4 5 |  5.0
Polearms       | 4 5 |  5.5
Fighting       | |  2.2
Armour         | |  0.6
Dodging        | |  2.7
Spellcasting   | |  2.1
Hexes          | |  0.5

Action                   |  1- 3 |  4- 6 || total
-------------------------+-------+-------++-------
Melee: Spear             |   139 |   125 ||   264
 Cast: Infusion          |     8 |     8 ||    16
       Shroud of Golubri |       |     1 ||     1
  Use: Potion            |       |     6 ||     6
 Stab: Sleeping          |     1 |       ||     1
  Eat: Chunk             |     1 |     4 ||     5
Armor: Leather armour    |    24 |    14 ||    38
Dodge: Dodged            |    73 |    58 ||   131
